 Dungeon Crawl Stone Soup version 0.29-a0-872-g797fff5ad1 (console) character file.

Game seed: 5969241261192618166

363 om the Conjurer (level 6, -1/45 HPs)
             Began as a Draconian Conjurer on July 18, 2022.
             Was a Follower of Cheibriados.
             Killed from afar by an orc wizard (4 damage)
             ... with a magic dart
             ... on level 5 of the Dungeon.
             The game lasted 00:12:14 (5673 turns).

om the Conjurer (Draconian Conjurer)                Turns: 5673, Time: 00:12:15

Health: -1/45      AC:  7    Str: 14    XL:     6   Next: 39%
Magic:  8/10       EV: 13    Int: 20    God:    Cheibriados [*.....]
Gold:   204        SH:  0    Dex: 11    Spells: 5/11 levels left

rFire   . . .      SeeInvis .   b - +1 mace (protect)
rCold   . . .      Faith    .   (no shield)
rNeg    . . .      Spirit   .   (body armour unavailable)
rPois   .          Reflect  .   (helmet restricted)
rElec   .          Harm     .   o - +0 cloak
rCorr   .          Rampage  .   (no gloves)
Will    .....                   (no boots)
Stlth   +.........              (no amulet)
HPRegen 0.15/turn               (no ring)
MPRegen 0.12/turn               (no ring)

@: confused, very slow
A: AC +6, unfitting armour, cold-blooded
a: Renounce Religion, Bend Time


You were on level 5 of the Dungeon.
You worshipped Cheibriados.
Cheibriados was aware of your devotion.
You visited 1 branch of the dungeon, and saw 5 of its levels.
You also visited: Sewer.

You collected 204 gold pieces.

Inventory:

Hand Weapons
 b - a +1 mace of protection (weapon)
 d - a +0 dagger of venom
Armour
 o - a +0 cloak (worn)
Scrolls
 c - 2 scrolls of teleportation
 e - a scroll of acquirement
 f - a scroll of vulnerability
 h - 2 scrolls of enchant weapon
 k - 2 scrolls of fog
 m - a scroll of poison
 n - a scroll of fear
Potions
 a - a potion of ambrosia
 g - 2 potions of might
 i - a potion of haste


   Skills:
 + Level 3.9 Dodging
 - Level 4.0 Stealth
 - Level 3.0 Spellcasting
 - Level 5.0 Conjurations


You had 5 spell levels left.
You knew the following spells:

 Your Spells              Type           Power      Damage    Failure   Level
a - Magic Dart            Conj           92%        1d7       1%          1
b - Searing Ray           Conj           46%        2d6       2%          2
c - Dazzling Flash        Conj/Hex       26%        N/A       16%         3

Your spell library contained the following spells:

 Spells                   Type           Power      Damage    Failure   Level
 Fulminant Prism          Conj/Hex       6%         3d7       45%         4
 Iskenderun's Mystic Bla  Conj/Tloc      13%        2d5       45%         4


Dungeon Overview and Level Annotations

Branches:
Dungeon (5/15)              Sewer (visited)
 Temple: D:4-7

Altars:
Cheibriados
Fedhas
Uskayaw


Innate Abilities, Weirdness & Mutations

Your plain brown scales are hard. (AC +6)
You cannot fit into any form of body armour.
You are cold-blooded and may be slowed by cold attacks.


Message History

You tail-slap the orc wizard, but do no damage.
The orc wizard is heavily wounded.
The orc wizard hits you with a +0 dagger.
* * * LOW HITPOINT WARNING * * *
The orc hits you but does no damage. Something hits you but does no damage.
You hit the orc wizard.
The orc wizard is severely wounded.
The orc wizard points at you and mumbles some strange words.
You are confused.
The orc completely misses you. Something hits you but does no damage.
The orc barely misses you.
The orc wizard gestures at you while chanting.
You are more confused.
Something hits you but does no damage.
You feel better. The orc wizard closely misses you. The orc misses you.
You hear some strange, mumbled words.
You are confused.
The orc wizard attacks as you move away!
The orc wizard barely misses you.
You barely miss the orc wizard.
The orc wizard is severely wounded.
Something hits you but does no damage.
The orc wizard points at you and mumbles some strange words.
The puff of flame hits you.
* * * LOW HITPOINT WARNING * * *
The orc hits you with a +0 short sword.
* * * LOW HITPOINT WARNING * * *
You hear some strange, mumbled words.
A magic dart appears from out of thin air!
The magic dart hits you!
* * * LOW HITPOINT WARNING * * *
You completely miss the orc wizard.
The orc wizard is severely wounded.
The orc wizard gestures wildly while chanting.
The orc wizard flickers and vanishes!
The orc barely misses you. Something hits you but does no damage.
Something barely misses you. Something hits you but does no damage.
A magic dart appears from out of thin air!
The magic dart hits you.
You die...

.#############+###
.................#
......†{.@.......#
.......{.........#
.......o.#####+###
.....##### .....
.... ... ..!


You could see an orc.

Vanquished Creatures
  Pargi (Sewer)
  A necrophage (D:5)
  A howler monkey (D:5)
  A jelly (D:5)
  A hound (D:4)
  2 river rats (D:4)
  An adder (D:2)
  6 worms (D:4)
  3 dart slugs
  2 orcs
  5 ball pythons
  3 endoplasms
  3 giant cockroaches
  10 hobgoblins
  3 jackals (D:1)
  2 quokkas
  3 bats
  4 frilled lizards
  3 goblins
  10 kobolds
  6 rats
71 creatures vanquished.

Vanquished Creatures (others)
  A fungus (D:1)
  9 plants (D:1)
10 creatures vanquished.

Grand Total: 81 creatures vanquished

Notes
Turn   | Place    | Note
-------+----------+-------------------------------------------
     0 | D:1      | om the Draconian Conjurer began the quest for the Orb.
     0 | D:1      | Reached XP level 1. HP: 14/14 MP: 3/3
   582 | D:1      | Reached XP level 2. HP: 20/20 MP: 3/5
   696 | D:1      | Found a faded altar of an unknown god.
  1195 | D:1      | Learned a level 2 spell: Searing Ray
  1759 | D:1      | Reached XP level 3. HP: 26/26 MP: 3/6
  2022 | D:2      | Identified a scroll of acquirement
  2453 | D:2      | Found a hide-covered altar of Uskayaw.
  2903 | D:3      | Found a blossoming altar of Fedhas.
  2925 | D:3      | Found a snail-covered altar of Cheibriados.
  2954 | D:3      | Became a worshipper of Cheibriados the Contemplative
  3371 | D:3      | Reached XP level 4. HP: 33/33 MP: 7/7
  3817 | D:4      | Reached * piety under Cheibriados
  3839 | D:4      | Found a glowing drain.
  3844 | Sewer    | Entered a sewer
  4084 | Sewer    | Noticed Pargi
  4100 | Sewer    | Killed Pargi
  4101 | Sewer    | Reached skill level 5 in Conjurations
  4101 | Sewer    | Reached XP level 5. HP: 13/38 MP: 1/9
  5075 | D:5      | Entered Level 5 of the Dungeon
  5084 | D:5      | Reached XP level 6. HP: 45/45 MP: 10/10
  5352 | D:5      | Learned a level 3 spell: Dazzling Flash
  5671 | D:5      | HP: 2/45 [something/magic dart (9)]
  5673 | D:5      | Killed from afar by an orc wizard

Illustrated notes

Levels and vault maps discovered:
D:1:      heliophobic_arrival_battle_scene, layout_basic,
          dreamdust_ecumenical_altar_grove, kennysheep_flooded_box
D:2:      layout_loops_cross, basic_altar, minmay_pentomino_v2
D:3:      layout_loops_ring, cheibriados_altar_1, fedhas_altar_2
D:4:      layout_loops_ring, lightli_sewer_entry_pipes
D:5:      layout_basic, gammafunk_ghost_necromancy

Skill      XL: |  1  2  3  4  5  6 |
---------------+-------------------+-----
Stealth        | 2 3 4 |  4.0
Dodging        | 2 3 |  3.9
Spellcasting   | 3 |  3.0
Conjurations   | 5 |  5.0

Action                   |  1- 3 |  4- 6 || total
-------------------------+-------+-------++-------
Melee: Unarmed           |     8 |       ||     8
       Dagger            |    17 |       ||    17
       Tailslap          |     4 |    10 ||    14
       Mace              |    42 |    92 ||   134
 Cast: Magic Dart        |    60 |    21 ||    81
       Searing Ray       |     1 |     6 ||     7
       Dazzling Flash    |       |     5 ||     5
  Use: Scroll            |     5 |     8 ||    13
       Potion            |       |     5 ||     5
 Stab: Sleeping          |     5 |     5 ||    10
       Invisible         |       |     1 ||     1
Armor: Skin              |    35 |    70 ||   105
Dodge: Dodged            |    36 |   103 ||   139

Table legend: (Time is in decaauts)
 A = Elapsed time spent in this place.
 B = Non-inter-level travel time spent in this place.
 C = Inter-level travel time spent in this place.
 D = Time resting spent in this place.
 E = Time spent auto-exploring this place.
 F = Levels seen in this place.
 G = Mean time per level.
                   A        B        C        D        E       F      G
               +--------+--------+--------+--------+--------+-----+--------+
         Total |   6308 |   6174 |    134 |   1767 |   3461 |   6 | 1051.3 |
       Dungeon |   5624 |   5490 |    134 |   1338 |   3319 |   5 | 1124.8 |
         Sewer |    684 |    684 |      0 |    429 |    142 |   1 |  684.0 |
               +--------+--------+--------+--------+--------+-----+--------+

Top non-repeatable levels by time:
     D:1: 2003 daAuts
     D:4: 1228 daAuts
     D:3: 963 daAuts
     D:2: 728 daAuts
     D:5: 700 daAuts
   Sewer: 684 daAuts
